 Dungeon Crawl Stone Soup version 0.31-a0-239-g0a1456f148 (webtiles) character file.

Game seed: 9863192829463568401

2897 qw the Skirmisher (level 9, -21/57 HPs)
             Began as a Gargoyle Hexslinger on July 11, 2023.
             Killed from afar by an acid dragon (33 damage)
             ... with a splash of acid
             ... on level 7 of the Dungeon.
             The game lasted 00:05:47 (7253 turns).

qw the Skirmisher (Gargoyle Hexslinger)             Turns: 7253, Time: 00:05:48

Health: -21/57     AC: 18    Str: 13    XL:     9   Next: 77%
Magic:  10/10      EV: 11    Int: 13    God:
Gold:   268        SH:  0    Dex: 16    Spells: 9/10 levels left

rFire   . . .        Y - +0 shortbow
rCold   + . .        (shield currently unavailable)
rNeg    + . .        h - +0 ring mail
rPois   inf          (no helmet)
rElec   +            (no cloak)
rCorr   .            c - +2 pair of gloves
SInv    .            j - +2 pair of boots
Will    .....        (no amulet)
Stlth   +            d - +4 ring of protection
HPRegen 0.29/turn    m - ring of protection from cold
MPRegen 0.12/turn

%: no passive effects
@: marked, corroded
A: sickness immunity, AC +6, negative energy resistance 1, electricity
resistance, torment resistance 1, petrification resistance
a: no special abilities


You were on level 7 of the Dungeon.
You visited 2 branches of the dungeon, and saw 8 of its levels.

You collected 518 gold pieces.
You spent 250 gold pieces at shops.


Innate Abilities, Weirdness & Mutations

You are immune to sickness and miasma.
Your stone body is resilient. (AC +6)
You are immune to poison.
You resist negative energy. (rN+)
You are resistant to electric shocks. (rElec)
You are resistant to unholy torment.
You are immune to petrification.


   Skills:
 - Level 7.0 Fighting
 - Level 11.1 Ranged Weapons
 - Level 3.0 Armour
 + Level 2.3 Dodging
 - Level 1.0 Spellcasting
 - Level 2.6 Hexes


You had 9 spell levels left.
You knew the following spells:

 Your Spells              Type           Power      Damage    Failure   Level
a - Slow                  Hex            28%        N/A       19%         1

Your spell library contained the following spells:

 Spells                   Type           Power      Damage    Failure   Level
 Inner Flame              Hex/Fire       4%         N/A       69%         3
 Portal Projectile        Hex/Tloc       8%         N/A       69%         3
 Cause Fear               Hex            3%         N/A       88%         4

Inventory:

Hand Weapons
 Y - a +0 shortbow (weapon)
Armour
 c - a +2 pair of gloves (worn)
 h - a +0 ring mail (worn)
 j - a +2 pair of boots (worn)
Jewellery
 d - a +4 ring of protection (left hand)
 l - a ring of fire
 m - a ring of protection from cold (right hand)
 n - a +5 ring of evasion
Scrolls
 a - a scroll of identify
 o - 2 scrolls of teleportation
Potions
 b - 7 potions of curing
 e - a potion of haste
 f - a potion of heal wounds {unknown}
 g - a potion of lignification {unknown}
 i - 2 potions of mutation
 k - a potion of resistance {unknown}
 p - 2 potions of degeneration {unknown}

Dungeon Overview and Level Annotations

Branches:
Dungeon (7/15)             Temple (1/1) D:4

Altars:
Ashenzari
Cheibriados
Dithmenos
Elyvilon
Fedhas
Gozag
Hepliaklqana
Kikubaaqudgha
Nemelex Xobeh
Ru
Sif Muna
Trog
Uskayaw
Vehumet
Xom
Zin
The Shining One

Shops:
D:1 [   D:2 [   D:4 *

Annotations:
D:3 1 runed translucent door, Crazy Yiuf


Message History

The acid dragon is moderately wounded.
The acid dragon barely misses you. x2; The killer bee barely misses you.
You shoot an arrow. The arrow hits the acid dragon.
The acid dragon is moderately wounded.
The killer bee stings you. The acid dragon barely misses you.
The acid dragon claws you but does no damage.
An orc priest comes into view. It is wielding a +0 whip.
The killer bee barely misses you.
You shoot an arrow.
The arrow completely misses the acid dragon.
The killer bee stings you but does no damage.
The acid dragon spits acid at you. The splash of acid hits you!
The acid corrodes you!
The killer bee stings you but does no damage.
You shoot an arrow.
The arrow hits the acid dragon but does no damage.
The acid dragon is moderately wounded.
The killer bee stings you.
The acid dragon bites you but does no damage.
The acid dragon misses you.
The killer bee stings you but does no damage.
You shoot an arrow.
The arrow hits the acid dragon but does no damage.
The acid dragon is moderately wounded.
The killer bee closely misses you. The acid dragon closely misses you.
The acid dragon claws you but does no damage.
You shoot an arrow.
The arrow barely misses the acid dragon.
The killer bee stings you. The killer bee misses you.
The orc warrior hits you from afar with a +0 trident.
The orc priest looks braver for a moment.
The acid dragon completely misses you. The acid dragon barely misses you.
You shoot an arrow. The arrow hits the acid dragon!
The acid dragon is heavily wounded.
The killer bee closely misses you. The killer bee stings you.
The orc warrior hits you but does no damage.
The acid dragon spits acid at you. The splash of acid hits you!!
Ouch! That really hurt!
You die...

#.####.## #.#######
#.# #.# #.# #.# #.#
#.# #.# #.# #.# #.#
#.# #.# #.# #.# #.#
#.####.# #.#
#....#D# ####.##
####.#@#####.....#
#.#.yo..#.###.##
#.###oo...# #..#
#.# #...).###..#
#.###.#.#......#
#.##....#.#.##.##
#.##..###.....>....
#.##.....#..##.####
#.##..####..#...###


You could see an orc warrior, an acid dragon (catching breath), a killer bee, an
orc priest and an orc.

Vanquished Creatures
  Grinder (D:3)
  Sigmund (D:3)
  Menkaure (D:5)
  Edmund (D:5)
  A water moccasin (D:6)
  An ice beast (D:7)
  A black bear (D:5)
  A centaur (D:6)
  A phantom (D:6)
  2 bullfrogs
  3 necrophages (D:5)
  2 scorpions
  A gnoll sergeant (D:5)
  2 water moccasin zombies (D:5)
  A wight (D:5)
  3 killer bees (D:7)
  2 howler monkeys
  A bullfrog zombie (D:5)
  2 centaur zombies (D:5)
  4 hounds
  A human zombie (D:5)
  2 jellies (D:5)
  3 orc priests (D:6)
  A sleepcap (D:4)
  4 iguanas
  Jessica (D:3)
  Terence (D:3)
  A scorpion zombie (D:5)
  A hound zombie (D:5)
  13 adders
  15 gnolls
  2 shadow imps
  2 ufetubi (D:5)
  A worm (D:2)
  4 dart slugs
  14 orcs
  6 endoplasms
  2 giant cockroaches
  4 goblins
  4 hobgoblins
  4 quokkas
  7 ball pythons
  4 bats
  2 frilled lizards
  8 kobolds
  5 rats
144 creatures vanquished.

Notes
Turn   | Place    | Note
-------+----------+-------------------------------------------
     0 | D:1      | qw the Gargoyle Hexslinger began the quest for the Orb.
     0 | D:1      | Reached XP level 1. HP: 12/12 MP: 2/2
     0 | D:1      | 0 ||| qw: Version: 0.3-a-52-g30416fa
     0 | D:1      | 0 ||| qw: Game counter: 5890
     0 | D:1      | 0 ||| qw: Melee chars always use a shield: true
     0 | D:1      | 0 ||| qw: God list: Okawaru
     0 | D:1      | 0 ||| qw: Allow faded altars: false
     0 | D:1      | 0 ||| qw: Do Orc after clearing Dungeon:15 true
     0 | D:1      | 0 ||| qw: Do second Lair branch before Depths: true
     0 | D:1      | 0 ||| qw: Lair rune preference: random
     0 | D:1      | 0 ||| qw: Goals: Normal
     0 | D:1      | 0 ||| PLANNING D:1-11
   120 | D:1      | Found a faded altar of an unknown god.
   125 | D:1      | Reached XP level 2. HP: 16/16 MP: 3/3
   160 | D:1      | 160 ||| FLEEEEING.
   164 | D:1      | 164 ||| FLEEEEING.
   165 | D:1      | 165 ||| FLEEEEING.
   181 | D:1      | 181 ||| FLEEEEING.
   182 | D:1      | 182 ||| FLEEEEING.
   183 | D:1      | 183 ||| FLEEEEING.
   185 | D:1      | Reached skill level 3 in Ranged Weapons
   299 | D:1      | Reached XP level 3. HP: 21/21 MP: 4/4
   628 | D:1      | Found Kagg's Armour Shop.
   631 | D:1      | 631 ||| BUYING +0 pair of boots (54 gold).
   631 | D:1      | Bought a +0 pair of boots for 54 gold pieces
   631 | D:1      | 631 ||| SHOPLISTING +1 ring mail of Lucidity {SInv} (242
                  | gold, have 17).
   631 | D:1      | 631 ||| SHOPLISTING +1 ring mail of fire resistance (192
                  | gold, have 17).
   631 | D:1      | 631 ||| SHOPLISTING +2 hat (192 gold, have 17).
   731 | D:1      | 731 ||| UPGRADING to +0 ring mail.
   741 | D:1      | 741 ||| DROPPING +0 robe.
   742 | D:1      | 742 ||| UPGRADING to +0 pair of boots.
   747 | D:1      | 747 ||| UPGRADING to +4 ring of protection.
   748 | D:1      | 748 ||| READING scroll labelled CUAXENLUVU.
   749 | D:1      | 749 ||| READING scroll labelled IHYRI PAURAORI.
   750 | D:1      | 750 ||| DROPPING scroll of poison.
   817 | D:2      | Reached skill level 1 in Armour
   852 | D:2      | Reached XP level 4. HP: 21/26 MP: 5/5
  1028 | D:2      | Reached skill level 4 in Ranged Weapons
  1101 | D:2      | Found Nomuppia's Antique Armour Shop.
  1104 | D:2      | 1104 ||| SHOPLISTING pair of gloves (85 gold, have 73).
  1104 | D:2      | 1104 ||| SHOPLISTING pair of runed gloves (142 gold, have
                  | 73).
  1104 | D:2      | 1104 ||| SHOPLISTING runed ring mail (133 gold, have 73).
  1104 | D:2      | 1104 ||| SHOPLISTING shiny ring mail (133 gold, have 73).
  1279 | D:2      | 1279 ||| READING scroll labelled SIERON FUIGOIW.
  1280 | D:2      | 1280 ||| READING scroll labelled ABBEKA YTICI.
  1281 | D:2      | 1281 ||| READING scroll labelled ZUIQAV LUATWA.
  1282 | D:2      | 1282 ||| READING scroll labelled HOR SABULY.
  1438 | D:3      | Noticed Terence
  1452 | D:3      | Killed Terence
  1453 | D:3      | Reached XP level 5. HP: 13/30 MP: 6/6
  1640 | D:3      | Found a runed translucent door.
  1641 | D:3      | Noticed Crazy Yiuf
  1684 | D:3      | Noticed Sigmund
  1696 | D:3      | 1696 ||| DRINKING 2 fuming emerald potions.
  1701 | D:3      | 1701 ||| DRINKING potion of curing.
  1701 | D:3      | 1701 ||| (to cure confusion)
  1725 | D:3      | Killed Sigmund
  1726 | D:3      | Reached skill level 6 in Ranged Weapons
  1726 | D:3      | Reached XP level 6. HP: 14/35 MP: 7/7
  1845 | D:3      | Noticed Jessica
  1863 | D:3      | Killed Jessica
  1970 | D:3      | Noticed Grinder
  1972 | D:3      | 1972 ||| Stepping ~*~*~tactically~*~*~ (outnumbered).
  1976 | D:3      | Paralysed by Grinder for 2 turns
  1995 | D:3      | Paralysed by Grinder for 3 turns
  2003 | D:3      | Killed Grinder
  2004 | D:3      | Reached XP level 7. HP: 15/44 MP: 8/8
  2135 | D:3      | 2135 ||| READING 3 scrolls of enchant armour.
  2135 | D:3      | 2135 ||| ENCHANTING +0 pair of boots.
  2147 | D:3      | 2147 ||| READING 2 scrolls of enchant armour.
  2147 | D:3      | 2147 ||| ENCHANTING +1 pair of boots.
  2224 | D:3      | Found a sparkling altar of Nemelex Xobeh.
  2925 | D:3      | 2925 ||| UPGRADING to +0 pair of gloves.
  2930 | D:3      | 2930 ||| READING scroll of enchant armour.
  2930 | D:3      | 2930 ||| ENCHANTING +0 pair of gloves.
  2931 | D:3      | 2931 ||| DRINKING 2 green potions.
  2932 | D:3      | 2932 ||| DROPPING potion of attraction.
  2995 | D:4      | Found a staircase to the Ecumenical Temple.
  2996 | D:4      | 2996 ||| PLANNING TEMPLE
  2996 | D:4      | 2996 ||| READING scroll labelled RYDISK QUNG.
  3058 | D:4      | 3058 ||| Stepping randomly (stuck).
  3059 | D:4      | 3059 ||| Stepping randomly (stuck).
  3060 | D:4      | 3060 ||| Stepping randomly (stuck).
  3061 | D:4      | 3061 ||| Stepping randomly (stuck).
  3062 | D:4      | 3062 ||| Stepping randomly (stuck).
  3066 | D:4      | 3066 ||| Stepping randomly (stuck).
  3067 | D:4      | 3067 ||| Stepping randomly (stuck).
  3068 | D:4      | 3068 ||| Stepping randomly (stuck).
  3069 | D:4      | 3069 ||| Stepping randomly (stuck).
  3070 | D:4      | 3070 ||| Stepping randomly (stuck).
  3071 | D:4      | 3071 ||| Stepping randomly (stuck).
  3072 | D:4      | 3072 ||| Stepping randomly (stuck).
  3073 | D:4      | 3073 ||| Stepping randomly (stuck).
  3074 | D:4      | 3074 ||| Stepping randomly (stuck).
  3075 | D:4      | 3075 ||| Stepping randomly (stuck).
  3076 | D:4      | 3076 ||| Stepping randomly (stuck).
  3077 | D:4      | 3077 ||| Stepping randomly (stuck).
  3078 | D:4      | 3078 ||| Stepping randomly (stuck).
  3079 | D:4      | 3079 ||| Stepping randomly (stuck).
  3080 | D:4      | 3080 ||| Stepping randomly (stuck).
  3081 | D:4      | 3081 ||| Stepping randomly (stuck).
  3082 | D:4      | 3082 ||| Stepping randomly (stuck).
  3083 | D:4      | 3083 ||| Stepping randomly (stuck).
  3084 | D:4      | 3084 ||| Stepping randomly (stuck).
  3085 | D:4      | 3085 ||| Stepping randomly (stuck).
  3086 | D:4      | 3086 ||| Stepping randomly (stuck).
  3087 | D:4      | 3087 ||| Stepping randomly (stuck).
  3088 | D:4      | 3088 ||| Stepping randomly (stuck).
  3089 | D:4      | 3089 ||| Stepping randomly (stuck).
  3090 | D:4      | 3090 ||| Stepping randomly (stuck).
  3091 | D:4      | 3091 ||| Stepping randomly (stuck).
  3092 | D:4      | 3092 ||| Stepping randomly (stuck).
  3093 | D:4      | 3093 ||| Stepping randomly (stuck).
  3094 | D:4      | 3094 ||| Stepping randomly (stuck).
  3095 | D:4      | 3095 ||| Stepping randomly (stuck).
  3096 | D:4      | 3096 ||| Stepping randomly (stuck).
  3097 | D:4      | 3097 ||| Stepping randomly (stuck).
  3098 | D:4      | 3098 ||| Stepping randomly (stuck).
  3099 | D:4      | 3099 ||| Stepping randomly (stuck).
  3100 | D:4      | 3100 ||| Stepping randomly (stuck).
  3101 | D:4      | 3101 ||| Stepping randomly (stuck).
  3102 | D:4      | 3102 ||| Stepping randomly (stuck).
  3103 | D:4      | 3103 ||| Stepping randomly (stuck).
  3104 | D:4      | 3104 ||| Stepping randomly (stuck).
  3105 | D:4      | 3105 ||| Stepping randomly (stuck).
  3106 | D:4      | 3106 ||| Stepping randomly (stuck).
  3107 | D:4      | 3107 ||| Stepping randomly (stuck).
  3108 | D:4      | 3108 ||| Stepping randomly (stuck).
  3109 | D:4      | 3109 ||| Stepping randomly (stuck).
  3110 | D:4      | 3110 ||| Stepping randomly (stuck).
  3111 | D:4      | 3111 ||| Stepping randomly (stuck).
  3112 | D:4      | 3112 ||| Stepping randomly (stuck).
  3113 | D:4      | 3113 ||| Stepping randomly (stuck).
  3114 | D:4      | 3114 ||| Stepping randomly (stuck).
  3115 | D:4      | 3115 ||| Stepping randomly (stuck).
  3116 | D:4      | 3116 ||| Stepping randomly (stuck).
  3117 | D:4      | 3117 ||| Stepping randomly (stuck).
  3118 | D:4      | 3118 ||| Stepping randomly (stuck).
  3119 | D:4      | 3119 ||| Stepping randomly (stuck).
  3120 | D:4      | 3120 ||| Stepping randomly (stuck).
  3121 | D:4      | 3121 ||| Stepping randomly (stuck).
  3122 | D:4      | 3122 ||| Stepping randomly (stuck).
  3123 | D:4      | 3123 ||| Stepping randomly (stuck).
  3124 | D:4      | 3124 ||| Stepping randomly (stuck).
  3125 | D:4      | 3125 ||| Stepping randomly (stuck).
  3126 | D:4      | 3126 ||| Stepping randomly (stuck).
  3127 | D:4      | 3127 ||| Stepping randomly (stuck).
  3128 | D:4      | 3128 ||| Stepping randomly (stuck).
  3129 | D:4      | 3129 ||| Stepping randomly (stuck).
  3130 | D:4      | 3130 ||| Stepping randomly (stuck).
  3131 | D:4      | 3131 ||| Stepping randomly (stuck).
  3132 | D:4      | 3132 ||| Stepping randomly (stuck).
  3133 | D:4      | 3133 ||| Stepping randomly (stuck).
  3134 | D:4      | 3134 ||| Stepping randomly (stuck).
  3135 | D:4      | 3135 ||| Stepping randomly (stuck).
  3136 | D:4      | 3136 ||| Stepping randomly (stuck).
  3137 | D:4      | 3137 ||| Stepping randomly (stuck).
  3138 | D:4      | 3138 ||| Stepping randomly (stuck).
  3139 | D:4      | 3139 ||| Stepping randomly (stuck).
  3140 | D:4      | 3140 ||| Stepping randomly (stuck).
  3141 | D:4      | 3141 ||| Stepping randomly (stuck).
  3142 | D:4      | 3142 ||| Stepping randomly (stuck).
  3143 | D:4      | 3143 ||| Stepping randomly (stuck).
  3144 | D:4      | 3144 ||| Stepping randomly (stuck).
  3145 | D:4      | 3145 ||| Stepping randomly (stuck).
  3146 | D:4      | 3146 ||| Stepping randomly (stuck).
  3147 | D:4      | 3147 ||| Stepping randomly (stuck).
  3148 | D:4      | 3148 ||| Stepping randomly (stuck).
  3149 | D:4      | 3149 ||| Stepping randomly (stuck).
  3150 | D:4      | 3150 ||| Stepping randomly (stuck).
  3151 | D:4      | 3151 ||| Stepping randomly (stuck).
  3152 | D:4      | 3152 ||| Stepping randomly (stuck).
  3153 | D:4      | 3153 ||| Stepping randomly (stuck).
  3154 | D:4      | 3154 ||| Stepping randomly (stuck).
  3155 | D:4      | 3155 ||| Stepping randomly (stuck).
  3156 | D:4      | 3156 ||| Stepping randomly (stuck).
  3157 | D:4      | 3157 ||| Stepping randomly (stuck).
  3158 | D:4      | 3158 ||| Stepping randomly (stuck).
  3161 | D:4      | 3161 ||| Stepping randomly (stuck).
  3162 | D:4      | 3162 ||| Stepping randomly (stuck).
  3163 | D:4      | 3163 ||| Stepping randomly (stuck).
  3164 | D:4      | 3164 ||| Stepping randomly (stuck).
  3165 | D:4      | 3165 ||| Stepping randomly (stuck).
  3166 | D:4      | 3166 ||| Stepping randomly (stuck).
  3167 | D:4      | 3167 ||| Stepping randomly (stuck).
  3168 | D:4      | 3168 ||| Stepping randomly (stuck).
  3169 | D:4      | 3169 ||| Stepping randomly (stuck).
  3170 | D:4      | 3170 ||| Stepping randomly (stuck).
  3171 | D:4      | 3171 ||| Stepping randomly (stuck).
  3172 | D:4      | 3172 ||| Stepping randomly (stuck).
  3173 | D:4      | 3173 ||| Stepping randomly (stuck).
  3174 | D:4      | 3174 ||| Stepping randomly (stuck).
  3175 | D:4      | 3175 ||| Stepping randomly (stuck).
  3176 | D:4      | 3176 ||| Stepping randomly (stuck).
  3177 | D:4      | 3177 ||| Stepping randomly (stuck).
  3178 | D:4      | 3178 ||| Stepping randomly (stuck).
  3179 | D:4      | 3179 ||| Stepping randomly (stuck).
  3180 | D:4      | 3180 ||| Stepping randomly (stuck).
  3181 | D:4      | 3181 ||| Stepping randomly (stuck).
  3182 | D:4      | 3182 ||| Stepping randomly (stuck).
  3183 | D:4      | 3183 ||| Stepping randomly (stuck).
  3184 | D:4      | 3184 ||| Stepping randomly (stuck).
  3185 | D:4      | 3185 ||| Stepping randomly (stuck).
  3186 | D:4      | 3186 ||| Stepping randomly (stuck).
  3187 | D:4      | 3187 ||| Stepping randomly (stuck).
  3188 | D:4      | 3188 ||| Stepping randomly (stuck).
  3189 | D:4      | 3189 ||| Stepping randomly (stuck).
  3190 | D:4      | 3190 ||| Stepping randomly (stuck).
  3191 | D:4      | 3191 ||| Stepping randomly (stuck).
  3192 | D:4      | 3192 ||| Stepping randomly (stuck).
  3193 | D:4      | 3193 ||| Stepping randomly (stuck).
  3194 | D:4      | 3194 ||| Stepping randomly (stuck).
  3195 | D:4      | 3195 ||| Stepping randomly (stuck).
  3196 | D:4      | 3196 ||| Stepping randomly (stuck).
  3197 | D:4      | 3197 ||| Stepping randomly (stuck).
  3198 | D:4      | 3198 ||| Stepping randomly (stuck).
  3199 | D:4      | 3199 ||| Stepping randomly (stuck).
  3200 | D:4      | 3200 ||| Stepping randomly (stuck).
  3201 | D:4      | 3201 ||| Stepping randomly (stuck).
  3202 | D:4      | 3202 ||| Stepping randomly (stuck).
  3203 | D:4      | 3203 ||| Stepping randomly (stuck).
  3204 | D:4      | 3204 ||| Stepping randomly (stuck).
  3205 | D:4      | 3205 ||| Stepping randomly (stuck).
  3216 | D:4      | 3216 ||| Stepping randomly (stuck).
  3217 | D:4      | 3217 ||| Stepping randomly (stuck).
  3218 | D:4      | 3218 ||| Stepping randomly (stuck).
  3219 | D:4      | 3219 ||| Stepping randomly (stuck).
  3220 | D:4      | 3220 ||| Stepping randomly (stuck).
  3221 | D:4      | 3221 ||| Stepping randomly (stuck).
  3222 | D:4      | 3222 ||| Stepping randomly (stuck).
  3223 | D:4      | 3223 ||| Stepping randomly (stuck).
  3224 | D:4      | 3224 ||| Stepping randomly (stuck).
  3225 | D:4      | 3225 ||| Stepping randomly (stuck).
  3226 | D:4      | 3226 ||| Stepping randomly (stuck).
  3227 | D:4      | 3227 ||| Stepping randomly (stuck).
  3228 | D:4      | 3228 ||| Stepping randomly (stuck).
  3229 | D:4      | 3229 ||| Stepping randomly (stuck).
  3230 | D:4      | 3230 ||| Stepping randomly (stuck).
  3231 | D:4      | 3231 ||| Stepping randomly (stuck).
  3232 | D:4      | 3232 ||| Stepping randomly (stuck).
  3233 | D:4      | 3233 ||| Stepping randomly (stuck).
  3234 | D:4      | 3234 ||| Stepping randomly (stuck).
  3235 | D:4      | 3235 ||| Stepping randomly (stuck).
  3236 | D:4      | 3236 ||| Stepping randomly (stuck).
  3237 | D:4      | 3237 ||| Stepping randomly (stuck).
  3238 | D:4      | 3238 ||| Stepping randomly (stuck).
  3239 | D:4      | 3239 ||| Stepping randomly (stuck).
  3240 | D:4      | 3240 ||| Stepping randomly (stuck).
  3241 | D:4      | 3241 ||| Stepping randomly (stuck).
  3242 | D:4      | 3242 ||| Stepping randomly (stuck).
  3243 | D:4      | 3243 ||| Stepping randomly (stuck).
  3244 | D:4      | 3244 ||| Stepping randomly (stuck).
  3245 | D:4      | 3245 ||| Stepping randomly (stuck).
  3246 | D:4      | 3246 ||| Stepping randomly (stuck).
  3247 | D:4      | 3247 ||| Stepping randomly (stuck).
  3248 | D:4      | 3248 ||| Stepping randomly (stuck).
  3249 | D:4      | 3249 ||| Stepping randomly (stuck).
  3250 | D:4      | 3250 ||| Stepping randomly (stuck).
  3251 | D:4      | 3251 ||| Stepping randomly (stuck).
  3252 | D:4      | 3252 ||| Stepping randomly (stuck).
  3253 | D:4      | 3253 ||| Stepping randomly (stuck).
  3254 | D:4      | 3254 ||| Stepping randomly (stuck).
  3255 | D:4      | 3255 ||| Stepping randomly (stuck).
  3256 | D:4      | 3256 ||| Stepping randomly (stuck).
  3257 | D:4      | 3257 ||| Stepping randomly (stuck).
  3258 | D:4      | 3258 ||| Stepping randomly (stuck).
  3259 | D:4      | 3259 ||| Stepping randomly (stuck).
  3260 | D:4      | 3260 ||| Stepping randomly (stuck).
  3261 | D:4      | 3261 ||| Stepping randomly (stuck).
  3262 | D:4      | 3262 ||| Stepping randomly (stuck).
  3263 | D:4      | 3263 ||| Stepping randomly (stuck).
  3264 | D:4      | 3264 ||| Stepping randomly (stuck).
  3265 | D:4      | 3265 ||| Stepping randomly (stuck).
  3266 | D:4      | 3266 ||| Stepping randomly (stuck).
  3267 | D:4      | 3267 ||| Stepping randomly (stuck).
  3268 | D:4      | 3268 ||| Stepping randomly (stuck).
  3269 | D:4      | 3269 ||| Stepping randomly (stuck).
  3270 | D:4      | 3270 ||| Stepping randomly (stuck).
  3271 | D:4      | 3271 ||| Stepping randomly (stuck).
  3272 | D:4      | 3272 ||| Stepping randomly (stuck).
  3273 | D:4      | 3273 ||| Stepping randomly (stuck).
  3274 | D:4      | 3274 ||| Stepping randomly (stuck).
  3275 | D:4      | 3275 ||| Stepping randomly (stuck).
  3276 | D:4      | 3276 ||| Stepping randomly (stuck).
  3277 | D:4      | 3277 ||| Stepping randomly (stuck).
  3278 | D:4      | 3278 ||| Stepping randomly (stuck).
  3279 | D:4      | 3279 ||| Stepping randomly (stuck).
  3280 | D:4      | 3280 ||| Stepping randomly (stuck).
  3281 | D:4      | 3281 ||| Stepping randomly (stuck).
  3282 | D:4      | 3282 ||| Stepping randomly (stuck).
  3283 | D:4      | 3283 ||| Stepping randomly (stuck).
  3284 | D:4      | 3284 ||| Stepping randomly (stuck).
  3285 | D:4      | 3285 ||| Stepping randomly (stuck).
  3286 | D:4      | 3286 ||| Stepping randomly (stuck).
  3287 | D:4      | 3287 ||| Stepping randomly (stuck).
  3288 | D:4      | 3288 ||| Stepping randomly (stuck).
  3289 | D:4      | 3289 ||| Stepping randomly (stuck).
  3290 | D:4      | 3290 ||| Stepping randomly (stuck).
  3291 | D:4      | 3291 ||| Stepping randomly (stuck).
  3292 | D:4      | 3292 ||| Stepping randomly (stuck).
  3293 | D:4      | 3293 ||| Stepping randomly (stuck).
  3294 | D:4      | 3294 ||| Stepping randomly (stuck).
  3295 | D:4      | 3295 ||| Stepping randomly (stuck).
  3296 | D:4      | 3296 ||| Stepping randomly (stuck).
  3297 | D:4      | 3297 ||| Stepping randomly (stuck).
  3298 | D:4      | 3298 ||| Stepping randomly (stuck).
  3299 | D:4      | 3299 ||| Stepping randomly (stuck).
  3300 | D:4      | 3300 ||| Stepping randomly (stuck).
  3301 | D:4      | 3301 ||| Stepping randomly (stuck).
  3302 | D:4      | 3302 ||| Stepping randomly (stuck).
  3303 | D:4      | 3303 ||| Stepping randomly (stuck).
  3304 | D:4      | 3304 ||| Stepping randomly (stuck).
  3305 | D:4      | 3305 ||| Stepping randomly (stuck).
  3306 | D:4      | 3306 ||| Stepping randomly (stuck).
  3307 | D:4      | 3307 ||| Stepping randomly (stuck).
  3308 | D:4      | 3308 ||| Stepping randomly (stuck).
  3309 | D:4      | 3309 ||| Stepping randomly (stuck).
  3310 | D:4      | 3310 ||| Stepping randomly (stuck).
  3311 | D:4      | 3311 ||| Stepping randomly (stuck).
  3312 | D:4      | 3312 ||| Stepping randomly (stuck).
  3313 | D:4      | 3313 ||| Stepping randomly (stuck).
  3314 | D:4      | 3314 ||| Stepping randomly (stuck).
  3315 | D:4      | 3315 ||| Stepping randomly (stuck).
  3316 | D:4      | 3316 ||| Stepping randomly (stuck).
  3317 | D:4      | 3317 ||| Stepping randomly (stuck).
  3318 | D:4      | 3318 ||| Stepping randomly (stuck).
  3319 | D:4      | 3319 ||| Stepping randomly (stuck).
  3320 | D:4      | 3320 ||| Stepping randomly (stuck).
  3321 | D:4      | 3321 ||| Stepping randomly (stuck).
  3322 | D:4      | 3322 ||| Stepping randomly (stuck).
  3323 | D:4      | 3323 ||| Stepping randomly (stuck).
  3324 | D:4      | 3324 ||| Stepping randomly (stuck).
  3325 | D:4      | 3325 ||| Stepping randomly (stuck).
  3326 | D:4      | 3326 ||| Stepping randomly (stuck).
  3327 | D:4      | 3327 ||| Stepping randomly (stuck).
  3328 | D:4      | 3328 ||| Stepping randomly (stuck).
  3329 | D:4      | 3329 ||| Stepping randomly (stuck).
  3330 | D:4      | 3330 ||| Stepping randomly (stuck).
  3331 | D:4      | 3331 ||| Stepping randomly (stuck).
  3332 | D:4      | 3332 ||| Stepping randomly (stuck).
  3333 | D:4      | 3333 ||| Stepping randomly (stuck).
  3334 | D:4      | 3334 ||| Stepping randomly (stuck).
  3335 | D:4      | 3335 ||| Stepping randomly (stuck).
  3336 | D:4      | 3336 ||| Stepping randomly (stuck).
  3337 | D:4      | 3337 ||| Stepping randomly (stuck).
  3338 | D:4      | 3338 ||| Stepping randomly (stuck).
  3339 | D:4      | 3339 ||| Stepping randomly (stuck).
  3340 | D:4      | 3340 ||| Stepping randomly (stuck).
  3341 | D:4      | 3341 ||| Stepping randomly (stuck).
  3342 | D:4      | 3342 ||| Stepping randomly (stuck).
  3343 | D:4      | 3343 ||| Stepping randomly (stuck).
  3344 | D:4      | 3344 ||| Stepping randomly (stuck).
  3345 | D:4      | 3345 ||| Stepping randomly (stuck).
  3346 | D:4      | 3346 ||| Stepping randomly (stuck).
  3347 | D:4      | 3347 ||| Stepping randomly (stuck).
  3348 | D:4      | 3348 ||| Stepping randomly (stuck).
  3349 | D:4      | 3349 ||| Stepping randomly (stuck).
  3350 | D:4      | 3350 ||| Stepping randomly (stuck).
  3351 | D:4      | 3351 ||| Stepping randomly (stuck).
  3352 | D:4      | 3352 ||| Stepping randomly (stuck).
  3353 | D:4      | 3353 ||| Stepping randomly (stuck).
  3354 | D:4      | 3354 ||| Stepping randomly (stuck).
  3355 | D:4      | 3355 ||| Stepping randomly (stuck).
  3356 | D:4      | 3356 ||| Stepping randomly (stuck).
  3357 | D:4      | 3357 ||| Stepping randomly (stuck).
  3358 | D:4      | 3358 ||| Stepping randomly (stuck).
  3359 | D:4      | 3359 ||| Stepping randomly (stuck).
  3360 | D:4      | 3360 ||| Stepping randomly (stuck).
  3361 | D:4      | 3361 ||| Stepping randomly (stuck).
  3362 | D:4      | 3362 ||| Stepping randomly (stuck).
  3363 | D:4      | 3363 ||| Stepping randomly (stuck).
  3364 | D:4      | 3364 ||| Stepping randomly (stuck).
  3365 | D:4      | 3365 ||| Stepping randomly (stuck).
  3366 | D:4      | 3366 ||| Stepping randomly (stuck).
  3367 | D:4      | 3367 ||| Stepping randomly (stuck).
  3368 | D:4      | 3368 ||| Stepping randomly (stuck).
  3369 | D:4      | 3369 ||| Stepping randomly (stuck).
  3370 | D:4      | 3370 ||| Stepping randomly (stuck).
  3371 | D:4      | 3371 ||| Stepping randomly (stuck).
  3372 | D:4      | 3372 ||| Stepping randomly (stuck).
  3373 | D:4      | 3373 ||| Stepping randomly (stuck).
  3374 | D:4      | 3374 ||| Stepping randomly (stuck).
  3375 | D:4      | 3375 ||| Stepping randomly (stuck).
  3376 | D:4      | 3376 ||| Stepping randomly (stuck).
  3377 | D:4      | 3377 ||| Stepping randomly (stuck).
  3378 | D:4      | 3378 ||| Stepping randomly (stuck).
  3379 | D:4      | 3379 ||| Stepping randomly (stuck).
  3380 | D:4      | 3380 ||| Stepping randomly (stuck).
  3381 | D:4      | 3381 ||| Stepping randomly (stuck).
  3382 | D:4      | 3382 ||| Stepping randomly (stuck).
  3383 | D:4      | 3383 ||| Stepping randomly (stuck).
  3384 | D:4      | 3384 ||| Stepping randomly (stuck).
  3385 | D:4      | 3385 ||| Stepping randomly (stuck).
  3386 | D:4      | 3386 ||| Stepping randomly (stuck).
  3387 | D:4      | 3387 ||| Stepping randomly (stuck).
  3388 | D:4      | 3388 ||| Stepping randomly (stuck).
  3389 | D:4      | 3389 ||| Stepping randomly (stuck).
  3390 | D:4      | 3390 ||| Stepping randomly (stuck).
  3391 | D:4      | 3391 ||| Stepping randomly (stuck).
  3392 | D:4      | 3392 ||| Stepping randomly (stuck).
  3393 | D:4      | 3393 ||| Stepping randomly (stuck).
  3394 | D:4      | 3394 ||| Stepping randomly (stuck).
  3395 | D:4      | 3395 ||| Stepping randomly (stuck).
  3396 | D:4      | 3396 ||| Stepping randomly (stuck).
  3397 | D:4      | 3397 ||| Stepping randomly (stuck).
  3398 | D:4      | 3398 ||| Stepping randomly (stuck).
  3399 | D:4      | 3399 ||| Stepping randomly (stuck).
  3400 | D:4      | 3400 ||| Stepping randomly (stuck).
  3401 | D:4      | 3401 ||| Stepping randomly (stuck).
  3402 | D:4      | 3402 ||| Stepping randomly (stuck).
  3403 | D:4      | 3403 ||| Stepping randomly (stuck).
  3404 | D:4      | 3404 ||| Stepping randomly (stuck).
  3405 | D:4      | 3405 ||| Stepping randomly (stuck).
  3406 | D:4      | 3406 ||| Stepping randomly (stuck).
  3407 | D:4      | 3407 ||| Stepping randomly (stuck).
  3408 | D:4      | 3408 ||| Stepping randomly (stuck).
  3409 | D:4      | 3409 ||| Stepping randomly (stuck).
  3410 | D:4      | 3410 ||| Stepping randomly (stuck).
  3411 | D:4      | 3411 ||| Stepping randomly (stuck).
  3412 | D:4      | 3412 ||| Stepping randomly (stuck).
  3413 | D:4      | 3413 ||| Stepping randomly (stuck).
  3414 | D:4      | 3414 ||| Stepping randomly (stuck).
  3415 | D:4      | 3415 ||| Stepping randomly (stuck).
  3416 | D:4      | 3416 ||| Stepping randomly (stuck).
  3417 | D:4      | 3417 ||| Stepping randomly (stuck).
  3418 | D:4      | 3418 ||| Stepping randomly (stuck).
  3419 | D:4      | 3419 ||| Stepping randomly (stuck).
  3420 | D:4      | 3420 ||| Stepping randomly (stuck).
  3421 | D:4      | 3421 ||| Stepping randomly (stuck).
  3422 | D:4      | 3422 ||| Stepping randomly (stuck).
  3423 | D:4      | 3423 ||| Stepping randomly (stuck).
  3424 | D:4      | 3424 ||| Stepping randomly (stuck).
  3425 | D:4      | 3425 ||| Stepping randomly (stuck).
  3426 | D:4      | 3426 ||| Stepping randomly (stuck).
  3427 | D:4      | 3427 ||| Stepping randomly (stuck).
  3428 | D:4      | 3428 ||| Stepping randomly (stuck).
  3429 | D:4      | 3429 ||| Stepping randomly (stuck).
  3430 | D:4      | 3430 ||| Stepping randomly (stuck).
  3431 | D:4      | 3431 ||| Stepping randomly (stuck).
  3432 | D:4      | 3432 ||| Stepping randomly (stuck).
  3433 | D:4      | 3433 ||| Stepping randomly (stuck).
  3434 | D:4      | 3434 ||| Stepping randomly (stuck).
  3435 | D:4      | 3435 ||| Stepping randomly (stuck).
  3436 | D:4      | 3436 ||| Stepping randomly (stuck).
  3437 | D:4      | 3437 ||| Stepping randomly (stuck).
  3438 | D:4      | 3438 ||| Stepping randomly (stuck).
  3439 | D:4      | 3439 ||| Stepping randomly (stuck).
  3439 | D:4      | Found Leas's General Store.
  3440 | D:4      | 3440 ||| Stepping randomly (stuck).
  3441 | D:4      | 3441 ||| Stepping randomly (stuck).
  3442 | D:4      | 3442 ||| Stepping randomly (stuck).
  3443 | D:4      | 3443 ||| Stepping randomly (stuck).
  3444 | D:4      | 3444 ||| Stepping randomly (stuck).
  3445 | D:4      | 3445 ||| Stepping randomly (stuck).
  3446 | D:4      | 3446 ||| Stepping randomly (stuck).
  3447 | D:4      | 3447 ||| Stepping randomly (stuck).
  3448 | D:4      | 3448 ||| Stepping randomly (stuck).
  3449 | D:4      | 3449 ||| Stepping randomly (stuck).
  3450 | D:4      | 3450 ||| Stepping randomly (stuck).
  3451 | D:4      | 3451 ||| Stepping randomly (stuck).
  3452 | D:4      | 3452 ||| Stepping randomly (stuck).
  3453 | D:4      | 3453 ||| Stepping randomly (stuck).
  3454 | D:4      | 3454 ||| Stepping randomly (stuck).
  3455 | D:4      | 3455 ||| Stepping randomly (stuck).
  3456 | D:4      | 3456 ||| Stepping randomly (stuck).
  3457 | D:4      | 3457 ||| Stepping randomly (stuck).
  3458 | D:4      | 3458 ||| Stepping randomly (stuck).
  3459 | D:4      | 3459 ||| Stepping randomly (stuck).
  3460 | D:4      | 3460 ||| Stepping randomly (stuck).
  3461 | D:4      | 3461 ||| Stepping randomly (stuck).
  3462 | D:4      | 3462 ||| Stepping randomly (stuck).
  3463 | D:4      | 3463 ||| Stepping randomly (stuck).
  3464 | D:4      | 3464 ||| Stepping randomly (stuck).
  3465 | D:4      | 3465 ||| Stepping randomly (stuck).
  3466 | D:4      | 3466 ||| Stepping randomly (stuck).
  3467 | D:4      | 3467 ||| Stepping randomly (stuck).
  3468 | D:4      | 3468 ||| Stepping randomly (stuck).
  3469 | D:4      | 3469 ||| Stepping randomly (stuck).
  3470 | D:4      | 3470 ||| Stepping randomly (stuck).
  3471 | D:4      | 3471 ||| Stepping randomly (stuck).
  3472 | D:4      | 3472 ||| Stepping randomly (stuck).
  3473 | D:4      | 3473 ||| Stepping randomly (stuck).
  3474 | D:4      | 3474 ||| Stepping randomly (stuck).
  3475 | D:4      | 3475 ||| Stepping randomly (stuck).
  3476 | D:4      | 3476 ||| Stepping randomly (stuck).
  3477 | D:4      | 3477 ||| Stepping randomly (stuck).
  3478 | D:4      | 3478 ||| Stepping randomly (stuck).
  3479 | D:4      | 3479 ||| Stepping randomly (stuck).
  3480 | D:4      | 3480 ||| Stepping randomly (stuck).
  3481 | D:4      | 3481 ||| Stepping randomly (stuck).
  3482 | D:4      | 3482 ||| Stepping randomly (stuck).
  3483 | D:4      | 3483 ||| Stepping randomly (stuck).
  3484 | D:4      | 3484 ||| Stepping randomly (stuck).
  3485 | D:4      | 3485 ||| Stepping randomly (stuck).
  3486 | D:4      | 3486 ||| Stepping randomly (stuck).
  3487 | D:4      | 3487 ||| Stepping randomly (stuck).
  3488 | D:4      | 3488 ||| Stepping randomly (stuck).
  3489 | D:4      | 3489 ||| Stepping randomly (stuck).
  3490 | D:4      | 3490 ||| Stepping randomly (stuck).
  3491 | D:4      | 3491 ||| Stepping randomly (stuck).
  3492 | D:4      | 3492 ||| Stepping randomly (stuck).
  3493 | D:4      | 3493 ||| Stepping randomly (stuck).
  3494 | D:4      | 3494 ||| Stepping randomly (stuck).
  3495 | D:4      | 3495 ||| Stepping randomly (stuck).
  3496 | D:4      | 3496 ||| Stepping randomly (stuck).
  3497 | D:4      | 3497 ||| Stepping randomly (stuck).
  3498 | D:4      | 3498 ||| Stepping randomly (stuck).
  3499 | D:4      | 3499 ||| Stepping randomly (stuck).
  3500 | D:4      | 3500 ||| Stepping randomly (stuck).
  3501 | D:4      | 3501 ||| Stepping randomly (stuck).
  3502 | D:4      | 3502 ||| Stepping randomly (stuck).
  3503 | D:4      | 3503 ||| Stepping randomly (stuck).
  3504 | D:4      | 3504 ||| Stepping randomly (stuck).
  3505 | D:4      | 3505 ||| Stepping randomly (stuck).
  3506 | D:4      | 3506 ||| Stepping randomly (stuck).
  3507 | D:4      | 3507 ||| Stepping randomly (stuck).
  3508 | D:4      | 3508 ||| Stepping randomly (stuck).
  3509 | D:4      | 3509 ||| Stepping randomly (stuck).
  3510 | D:4      | 3510 ||| Stepping randomly (stuck).
  3511 | D:4      | 3511 ||| Stepping randomly (stuck).
  3512 | D:4      | 3512 ||| Stepping randomly (stuck).
  3513 | D:4      | 3513 ||| Stepping randomly (stuck).
  3514 | D:4      | 3514 ||| Stepping randomly (stuck).
  3515 | D:4      | 3515 ||| Stepping randomly (stuck).
  3516 | D:4      | 3516 ||| Stepping randomly (stuck).
  3517 | D:4      | 3517 ||| Stepping randomly (stuck).
  3518 | D:4      | 3518 ||| Stepping randomly (stuck).
  3519 | D:4      | 3519 ||| Stepping randomly (stuck).
  3520 | D:4      | 3520 ||| Stepping randomly (stuck).
  3521 | D:4      | 3521 ||| Stepping randomly (stuck).
  3522 | D:4      | 3522 ||| Stepping randomly (stuck).
  3523 | D:4      | 3523 ||| Stepping randomly (stuck).
  3524 | D:4      | 3524 ||| Stepping randomly (stuck).
  3525 | D:4      | 3525 ||| Stepping randomly (stuck).
  3526 | D:4      | 3526 ||| Stepping randomly (stuck).
  3527 | D:4      | 3527 ||| Stepping randomly (stuck).
  3528 | D:4      | 3528 ||| Stepping randomly (stuck).
  3529 | D:4      | 3529 ||| Stepping randomly (stuck).
  3530 | D:4      | 3530 ||| Stepping randomly (stuck).
  3531 | D:4      | 3531 ||| Stepping randomly (stuck).
  3532 | D:4      | 3532 ||| Stepping randomly (stuck).
  3533 | D:4      | 3533 ||| Stepping randomly (stuck).
  3534 | D:4      | 3534 ||| Stepping randomly (stuck).
  3535 | D:4      | 3535 ||| Stepping randomly (stuck).
  3536 | D:4      | 3536 ||| Stepping randomly (stuck).
  3537 | D:4      | 3537 ||| Stepping randomly (stuck).
  3538 | D:4      | 3538 ||| Stepping randomly (stuck).
  3539 | D:4      | 3539 ||| Stepping randomly (stuck).
  3540 | D:4      | 3540 ||| Stepping randomly (stuck).
  3541 | D:4      | 3541 ||| Stepping randomly (stuck).
  3542 | D:4      | 3542 ||| Stepping randomly (stuck).
  3543 | D:4      | 3543 ||| Stepping randomly (stuck).
  3544 | D:4      | 3544 ||| Stepping randomly (stuck).
  3545 | D:4      | 3545 ||| Stepping randomly (stuck).
  3546 | D:4      | 3546 ||| Stepping randomly (stuck).
  3547 | D:4      | 3547 ||| Stepping randomly (stuck).
  3548 | D:4      | 3548 ||| Stepping randomly (stuck).
  3549 | D:4      | 3549 ||| Stepping randomly (stuck).
  3646 | D:4      | 3646 ||| READING scroll of enchant armour.
  3646 | D:4      | 3646 ||| ENCHANTING +1 pair of gloves.
  3792 | Temple   | Entered the Ecumenical Temple
  3959 | Temple   | 3959 ||| PLANNING D:1-11
  4006 | D:4      | Found a bloodstained altar of Trog.
  4353 | D:4      | 4353 ||| UPGRADING to ring of protection from cold.
  4363 | D:5      | Entered Level 5 of the Dungeon
  4384 | D:5      | Reached skill level 7 in Ranged Weapons
  4558 | D:5      | Reached XP level 8. HP: 48/48 MP: 9/9
  4662 | D:5      | 4662 ||| Stepping ~*~*~tactically~*~*~ (outnumbered).
  4664 | D:5      | 4664 ||| Stepping ~*~*~tactically~*~*~ (outnumbered).
  4675 | D:5      | Reached skill level 8 in Ranged Weapons
  4675 | D:5      | 4675 ||| FLEEEEING.
  4783 | D:5      | 4783 ||| STAIRDANCE
  4787 | D:4      | 4787 ||| SHOPLISTING +5 sling of Wariness {flame, Int+3
                  | Dex+3 Stlth+} (701 gold, have 322).
  4787 | D:4      | 4787 ||| BUYING potion of curing (42 gold).
  4787 | D:4      | Bought a potion of curing for 42 gold pieces
  4787 | D:4      | 4787 ||| BUYING potion of curing (42 gold).
  4787 | D:4      | Bought a potion of curing for 42 gold pieces
  4787 | D:4      | 4787 ||| BUYING potion of mutation (112 gold).
  4787 | D:4      | Bought a potion of mutation for 112 gold pieces
  4816 | D:5      | Noticed Menkaure
  4825 | D:5      | Killed Menkaure
  5038 | D:5      | Reached skill level 9 in Ranged Weapons
  5098 | D:5      | Reached skill level 6 in Fighting
  5098 | D:5      | Found an ancient bone altar of Kikubaaqudgha.
  5155 | D:5      | Reached XP level 9. HP: 55/55 MP: 10/10
  5460 | D:5      | Noticed Edmund
  5478 | D:5      | HP: 13/55 [Edmund/+6 dire flail of venom (1)]
  5479 | D:5      | 5479 ||| READING scroll of teleportation.
  5482 | D:5      | Killed Edmund
  5483 | D:5      | Reached skill level 10 in Ranged Weapons
  5706 | D:5      | 5706 ||| DROPPING amulet of magic regeneration.
  5768 | D:6      | Reached skill level 3 in Armour
  6035 | D:6      | 6035 ||| SWAPPING to +0 shortbow.
  6036 | D:6      | 6036 ||| DROPPING +2 sling.
  6158 | D:6      | 6158 ||| FLEEEEING.
  6159 | D:6      | 6159 ||| FLEEEEING.
  6175 | D:6      | 6175 ||| Stepping ~*~*~tactically~*~*~ (outnumbered).
  6639 | D:6      | 6639 ||| READING 2 scrolls labelled COUTEU HUWNE.
  6640 | D:6      | 6640 ||| READING 2 scrolls of identify.
  6640 | D:6      | 6640 ||| IDENTIFYING dark potion
  6641 | D:6      | 6641 ||| DROPPING scroll of revelation.
  6687 | D:7      | HP: 13/57 [killer bee (3)]
  6688 | D:7      | 6688 ||| READING 2 scrolls of teleportation.
  6865 | D:7      | Found a glowing golden altar of the Shining One.
  7155 | D:7      | Reached skill level 11 in Ranged Weapons
  7229 | D:7      | 7229 ||| FLEEEEING.
  7230 | D:7      | 7230 ||| FLEEEEING.
  7231 | D:7      | 7231 ||| FLEEEEING.
  7232 | D:7      | 7232 ||| FLEEEEING.
  7233 | D:7      | 7233 ||| FLEEEEING.
  7234 | D:7      | 7234 ||| FLEEEEING.
  7235 | D:7      | 7235 ||| FLEEEEING.
  7236 | D:7      | 7236 ||| FLEEEEING.
  7237 | D:7      | 7237 ||| FLEEEEING.
  7238 | D:7      | 7238 ||| FLEEEEING.
  7253 | D:7      | HP: 12/57 [killer bee (4)]
  7253 | D:7      | Killed from afar by an acid dragon

Levels and vault maps discovered:
D:1:      co_arrival_random_square_maze, layout_loops_ring,
          hellmonk_ecumenical_altar_blasted, serial_shops,
          nicolae_shop_behind_doors
D:2:      layout_rooms, serial_shops, nicolae_shop_tiny_real_fake_doors
D:3:      layout_basic, mainiacjoe_overflow_alcove_2, serial_park_tiny_2,
          uniq_sigmund, uniq_terence, uniq_jessica, uniq_crazy_yiuf_cottage,
          uniq_grinder
D:4:      layout_gridville, lemuel_doored_altar, minmay_temple_entry_offerings,
          serial_shops, nicolae_take_the_stairs
D:5:      layout_rooms, lemuel_mausoleum_altar_kikubaaqudgha,
          nicolae_figureground_sparkle, uniq_menkaure, uniq_edmund
D:6:      layout_basic
D:7:      layout_loops_ring, mainiacjoe_overflow_small_starburst,
          dk_yredelemnul_ordeal
Temple:   nicolae_temple_bog_church

Skill      XL: |  1  2  3  4  5  6  7  8  9 |
---------------+----------------------------+-----
Ranged Weapons | 3 4 6 7 9 11 | 11.1
Fighting       | 2 4 6 7 |  7.0
Armour         | 1 2 3 |  3.0
Dodging        | 2 |  2.3
Spellcasting   | |  1.0
Hexes          | |  2.6

Action                     |  1- 3 |  4- 6 |  7- 9 || total
---------------------------+-------+-------+-------++-------
   Fire: Sling             |    80 |   184 |   488 ||   752
         Shortbow          |       |       |   172 ||   172
    Use: Scroll            |     2 |     4 |     9 ||    15
         Potion            |       |     2 |     1 ||     3
 Armour: Robe              |     6 |       |       ||     6
         Ring mail         |    17 |    81 |   313 ||   411
  Dodge: Dodged            |    20 |    70 |   280 ||   370

Table legend:
 A = Non-vault XP
 B = Vault XP
 C = Vault XP percentage of total XP
 D = Non-vault monster count
 E = Vault monster count
 F = Vault count percentage of total count
                 A         B        C        D         E       F
            +---------+---------+-------+---------+---------+-------
      Total |    2488 |    1651 |  39.9 |     126 |      18 |  12.5
            +---------+---------+-------+---------+---------+-------
        D:1 |      37 |       0 |   0.0 |      20 |       0 |   0.0
        D:2 |      91 |       0 |   0.0 |      15 |       0 |   0.0
        D:3 |      82 |     582 |  87.7 |      14 |       4 |  22.2
        D:4 |     197 |       0 |   0.0 |      21 |       0 |   0.0
        D:5 |     766 |    1069 |  58.3 |      31 |      14 |  31.1
        D:6 |     788 |       0 |   0.0 |      15 |       0 |   0.0
        D:7 |     527 |       0 |   0.0 |      10 |       0 |   0.0
            +---------+---------+-------+---------+---------+-------
